 Dungeon Crawl Stone Soup version 0.23.0 (webtiles) character file.

Game seed: 13897560935139604272

108 Borgoz the Chopper (level 4, -9/28 HPs)
             Began as a Gargoyle Gladiator on Feb 9, 2019.
             Mangled by Sigmund
             ... wielding a +0 scythe
              (11 damage)
             ... on level 3 of the Dungeon.
             The game lasted 00:03:00 (1727 turns).

Borgoz the Chopper (Gargoyle Gladiator)             Turns: 1727, Time: 00:03:01

Health: -9/28      AC:  7    Str: 18    XL:     4   Next: 87%
Magic:  0/4        EV: 12    Int:  8    God:
Gold:   155        SH:  0    Dex: 12    Spells: 3/3 levels left

rFire    . . .     SeeInvis .   a - +0 war axe
rCold    . . .     Gourm    .   (no shield)
rNeg     + . .     Faith    .   b - +0 leather armour
rPois    ∞         Spirit   +   c - +0 helmet
rElec    +         Reflect  .   (no cloak)
rCorr    .         Harm     .   (no gloves)
MR       .....                  (no boots)
Stlth    +.........             l - amulet of guardian spirit
HPRegen  0.09/turn              (no ring)
MPRegen  0.09/turn              (no ring)

@: no status effects
A: negative energy resistance 1, electricity resistance, unbreathing,
petrification resistance, rot immunity, AC +3
a: no special abilities


You were on level 3 of the Dungeon.
You were not hungry.

You visited 1 branch of the dungeon, and saw 3 of its levels.

You collected 155 gold pieces.

Inventory:

Hand Weapons
 a - a +0 war axe (weapon)
Missiles
 d - 4 throwing nets (quivered)
 n - 2 needles of paralysis
 s - 5 tomahawks of returning
Armour
 b - a +0 leather armour (worn)
 c - a +0 helmet (worn)
Jewellery
 l - an amulet of guardian spirit (around neck)
Scrolls
 e - 4 scrolls of identify {unknown}
 h - 3 scrolls of remove curse {unknown}
 j - 2 scrolls of blinking {unknown}
 p - a scroll of teleportation {unknown}
 q - a scroll of enchant armour {unknown}
Potions
 g - a potion of mutation {unknown}
 i - 2 potions of ambrosia {unknown}
 k - a potion of might {unknown}
 o - 2 potions of flight {unknown}
 r - a potion of resistance {unknown}
Comestibles
 f - 7 rations


   Skills:
 + Level 3.2 Fighting
 + Level 3.4 Axes
 - Level 1.7 Throwing
 + Level 2.0 Armour
 + Level 3.0 Dodging


You had 3 spell levels left.
You didn't know any spells.
Your spell library was empty.

Dungeon Overview and Level Annotations

Branches:
Dungeon (3/15)

Altars:
Dithmenos
Gozag
Kikubaaqudgha
Nemelex Xobeh
Okawaru

Annotations:
D:3 Sigmund


Innate Abilities, Weirdness & Mutations

You are resistant to torment.
Your stone body is resilient. (AC +3)
You are immune to poison.
You resist negative energy. (rN+)
You are resistant to electric shocks. (rElec)
You can survive without breathing.
You are immune to petrification.
You are immune to rotting.


Message History

You hit something. Something hits you but does no damage.
You completely miss something. Something hits you but does no damage.
You barely miss something. Something barely misses you.
You barely miss something. Something hits you!
You barely miss something. You barely miss something.
Something hits you but does no damage.
All of the chunks of flesh in your inventory have rotted away.
You hit something. Something hits you but does no damage.
You closely miss something. Something barely misses you.
You closely miss something.
You hear some strange, mumbled words.
Something tries to affect you, but you resist.
You miss something. Something hits you!
* * * LOW HITPOINT WARNING * * *
You closely miss something. Something hits you.
* * * LOW HITPOINT WARNING * * *
You barely miss something. Something hits you but does no damage.
You closely miss something. Something hits you but does no damage.
You slash something! Something hits you!
You die...

............# .# ###........# .#
##.###..... .# #######
#.......### .# #.....# #..###.##
.# #.###.# # ##.#### .# #.# #.#
#)..... .#
##.###.##########..##....##
.######...##....@{...............
..)....#....##########..#........
.#####..#.#.# ..........
#.####.#.##.# ..###....#.
##..........##### .. #....#.
#....#÷##.......# #.##.#.
.##....##.#####.# # #.#....
##...####.# #.# #..###......
#...## #.# #.# #...........


There were no monsters in sight!

Vanquished Creatures
  2 adders
  An ooze (D:3)
  A worm (D:3)
  2 dart slugs (D:2)
  A leopard gecko (D:1)
  5 orcs (D:3)
  4 ball pythons
  7 bats
  4 giant cockroaches
  6 goblins
  11 hobgoblins
  4 jackals
  A quokka (D:2)
  6 frilled lizards
  6 kobolds
  8 rats
69 creatures vanquished.

Notes
Turn   | Place    | Note
-------+----------+-------------------------------------------
     0 | D:1      | Borgoz the Gargoyle Gladiator began the quest for the Orb.
     0 | D:1      | Reached XP level 1. HP: 12/12 MP: 1/1
   167 | D:1      | Reached XP level 2. HP: 18/18 MP: 2/2
   252 | D:1      | Reached skill level 1 in Armour
   464 | D:1      | Reached XP level 3. HP: 22/22 MP: 3/3
   691 | D:2      | Found an iron altar of Okawaru.
   807 | D:2      | Reached XP level 4. HP: 26/27 MP: 4/4
   822 | D:2      | Found an ancient bone altar of Kikubaaqudgha.
   948 | D:2      | Found a sparkling altar of Nemelex Xobeh.
   949 | D:2      | Found an opulent altar of Gozag.
  1325 | D:3      | Found a shadowy altar of Dithmenos.
  1707 | D:3      | Noticed Sigmund
  1724 | D:3      | HP: 1/28 [something (5)]
  1727 | D:3      | Mangled by Sigmund

Skill      XL: |  1  2  3  4 |
---------------+-------------+-----
Armour         | 1 2 |  2.0
Axes           | 3 |  3.4
Fighting       | 3 |  3.2
Dodging        | 3 |  3.0
Throwing       | |  1.7

Action                   |  1- 3 |  4- 6 || total
-------------------------+-------+-------++-------
Melee: War axe           |   109 |    97 ||   206
 Stab: Sleeping          |       |     1 ||     1
  Eat: Chunk             |       |     3 ||     3
Armor: Leather armour    |    64 |    36 ||   100
Dodge: Dodged            |   105 |    64 ||   169
